[Event "V Copa Marcel Duchamp 2022"]
[Site "Montevideo"]
[Date "2022.02.15"]
[Round "5.36"]
[White "Montiel Caceres, Helen"]
[Black "Pinero, Ismael"]
[Result "1-0"]
[ECO "E71"]
[WhiteElo "1625"]
[BlackElo "1906"]
[Annotator "ChessBase"]
[PlyCount "109"]
[EventDate "2022.02.12"]
[EventCountry "URU"]
[SourceTitle "playchess.com"]
[Source "ChessBase"]
[SourceQuality "1"]
[TimeControl "5400+30"]

1. d4 Nf6 2. c4 g6 3. Nc3 Bg7 4. e4 d6 5. h3 O-O 6. Be3 e5 7. d5 Nh5 8. g3 Na6 9. Be2 Nf6 10. g4 Bd7 11. Qd2 Nc5 12. f3 a5 13. h4 b6 14. h5 a4 15. h6 Bh8 16. Nh3 a3 17. b3 Ne8 18. Rg1 f6 19. Nf2 Qe7 20. Nd3 Kf7 21. b4 Nxd3+ 22. Bxd3 Rg8 23. Rb1 f5 24. g5 Qd8 25. c5 bxc5 26. bxc5 dxc5 27. Bxc5 Nd6 28. Ke2 Qc8 29. Rgc1 fxe4 30. Nxe4 Nxe4 31. Bxe4 Bf5 32. Qe3 Qa6+ 33. Kf2 Rgd8 34. Qb3 Rdb8 35. Bb4 Qb6+ 36. Kg2 Ke8 37. Rc6 Qd4 38. Rc4 Qb6 39. Qc2 Qe3 40. Bd2 Qe2+ 41. Kg3 Rxb1 42. Qxb1 Qxc4 43. Bxf5 gxf5 44. Qxf5 Qa6 45. Qxh7 e4 46. Qxh8+ Kd7 47. Qg7+ Kc8 48. h7 Qf1 49. h8=Q+ Kb7 50. Qh5 Qd1 51. Qd4 Ra4 52. Qe3 Ra6 53. Qb3+ Qxb3 54. axb3 a2 55. Bc3 1-0

[Event "V Copa Marcel Duchamp 2022"]
[Site "Montevideo"]
[Date "2022.02.16"]
[Round "6.8"]
[White "Vitoux, Colomban"]
[Black "Carbone, Diego"]
[Result "1/2-1/2"]
[ECO "A34"]
[WhiteElo "2372"]
[BlackElo "2272"]
[Annotator "ChessBase"]
[PlyCount "73"]
[EventDate "2022.02.12"]
[EventCountry "URU"]
[SourceTitle "playchess.com"]
[Source "ChessBase"]
[SourceQuality "1"]
[TimeControl "5400+30"]

1. c4 Nf6 2. Nc3 c5 3. g3 g6 4. Bg2 Bg7 5. e4 Nc6 6. Nge2 d6 7. O-O O-O 8. d4 cxd4 9. Nxd4 Nxe4 10. Nxc6 Nxc3 11. Nxd8 Nxd1 12. Nxf7 Nxf2 13. Ng5 Bd4 14. Bd5+ Kg7 15. Nf3 Nh3+ 16. Kg2 Bf6 17. Be3 h6 18. Nd4 a6 19. Rae1 Ng5 20. Bxg5 Bxg5 21. Rxf8 Kxf8 22. Ne6+ Bxe6 23. Rxe6 Bf6 24. b3 Rb8 25. Kf3 b5 26. c5 dxc5 27. Rxa6 Rd8 28. Ke4 Kg7 29. Rc6 b4 30. Rxc5 Rb8 31. Rc6 Rb5 32. Rc4 h5 33. Bc6 Ra5 34. Ba4 Re5+ 35. Kf3 Rf5+ 36. Ke2 Re5+ 37. Kf3 1/2-1/2

[Event "V Copa Marcel Duchamp 2022"]
[Site "Montevideo"]
[Date "2022.02.16"]
[Round "6.13"]
[White "Dotta, Gian Franco"]
[Black "Lujan, Carolina"]
[Result "0-1"]
[ECO "D76"]
[WhiteElo "1991"]
[BlackElo "2334"]
[Annotator "ChessBase"]
[PlyCount "62"]
[EventDate "2022.02.12"]
[EventCountry "URU"]
[SourceTitle "playchess.com"]
[Source "ChessBase"]
[SourceQuality "1"]
[TimeControl "5400+30"]

1. d4 Nf6 2. c4 g6 3. g3 Bg7 4. Bg2 d5 5. cxd5 Nxd5 6. Nf3 O-O 7. O-O Nb6 8. Nc3 Nc6 9. e3 a5 10. b3 Re8 11. Bb2 Bd7 12. h3 Qc8 13. Kh2 a4 14. Nxa4 Nxa4 15. bxa4 Ra5 16. Bc3 Rh5 17. h4 Bg4 18. Qb3 Be6 19. Qb2 Bd5 20. Bh3 Qa8 21. Nd2 e5 22. dxe5 Nxe5 23. e4 Bc4 24. Nxc4 Nxc4 25. Qb4 Bxc3 26. Qxc3 Qxa4 27. Rfd1 Nd6 28. Qxc7 Nxe4 29. Bd7 Qa7 30. Bxe8 Qxf2+ 31. Kh3 Ng5+ 0-1

[Event "V Copa Marcel Duchamp 2022"]
[Site "Montevideo"]
[Date "2022.02.16"]
[Round "6.19"]
[White "Manteiga, Franco"]
[Black "Carvalho, Guillermo"]
[Result "0-1"]
[ECO "D32"]
[WhiteElo "1915"]
[BlackElo "2171"]
[Annotator "ChessBase"]
[PlyCount "58"]
[EventDate "2022.02.12"]
[EventCountry "URU"]
[SourceTitle "playchess.com"]
[Source "ChessBase"]
[SourceQuality "1"]
[TimeControl "5400+30"]

1. d4 d5 2. c4 e6 3. Nc3 c5 4. cxd5 exd5 5. Nf3 Nc6 6. dxc5 d4 7. Na4 Bxc5 8. Nxc5 Qa5+ 9. Bd2 Qxc5 10. b4 Qb6 11. Rc1 Nf6 12. Qa4 O-O 13. b5 Ne7 14. Ba5 Qd6 15. Qxd4 Qa3 16. Qd2 Ned5 17. Rc4 b6 18. Bc3 Nxc3 19. Rxc3 Qa4 20. Qc2 Qa5 21. Nd2 Bf5 22. Qb2 Rac8 23. Rxc8 Rxc8 24. f3 Rd8 25. e3 Be6 26. h4 h5 27. g3 Nd5 28. Kf2 Nc3 29. Ke1 Nb1 0-1

[Event "V Copa Marcel Duchamp 2022"]
[Site "Montevideo"]
[Date "2022.02.16"]
[Round "6.22"]
[White "Vieira, Alexandre Letizio"]
[Black "Pichuaga, Juan Pablo"]
[Result "0-1"]
[ECO "A45"]
[WhiteElo "1719"]
[BlackElo "2030"]
[Annotator "ChessBase"]
[PlyCount "104"]
[EventDate "2022.02.12"]
[EventCountry "URU"]
[SourceTitle "playchess.com"]
[Source "ChessBase"]
[SourceQuality "1"]
[TimeControl "5400+30"]

1. d4 Nf6 2. Bf4 g6 3. e3 Bg7 4. Nf3 d6 5. h3 O-O 6. c3 Nbd7 7. Nbd2 a6 8. a4 b6 9. Be2 Bb7 10. O-O c5 11. Re1 Qb8 12. Bh2 Bc6 13. b4 cxb4 14. cxb4 b5 15. a5 Ra7 16. Qb3 Rc7 17. Rac1 Rfc8 18. Bd3 Bb7 19. Rxc7 Qxc7 20. e4 Qc3 21. Qb1 Ne8 22. d5 Qa3 23. Qb3 Qxb3 24. Nxb3 Bc3 25. Rc1 Bxb4 26. Rxc8 Bxc8 27. Bf4 Nc5 28. Nxc5 dxc5 29. Bd2 Bxd2 30. Nxd2 Nd6 31. e5 Nb7 32. Ne4 c4 33. Be2 Kf8 34. Kf1 Bf5 35. Nc3 Nxa5 36. g4 Bd3 37. Ke1 Bxe2 38. Kxe2 Nb3 39. f4 Nc5 40. Ke3 Ke8 41. h4 Nb3 42. h5 gxh5 43. gxh5 h6 44. f5 Nc5 45. Kd4 Nd7 46. e6 Nf6 47. Kc5 fxe6 48. fxe6 Nxh5 49. Kb6 Nf4 50. Kxa6 b4 51. Nb5 Nxd5 52. Nd4 b3 0-1

[Event "V Copa Marcel Duchamp 2022"]
[Site "Montevideo"]
[Date "2022.02.16"]
[Round "6.24"]
[White "Garcia, Luis E."]
[Black "Cordero, Daniela"]
[Result "1-0"]
[ECO "A20"]
[WhiteElo "2192"]
[BlackElo "2011"]
[Annotator "ChessBase"]
[PlyCount "101"]
[EventDate "2022.02.12"]
[EventCountry "URU"]
[SourceTitle "playchess.com"]
[Source "ChessBase"]
[SourceQuality "1"]
[TimeControl "5400+30"]

1. c4 e5 2. d3 Nf6 3. g3 Nc6 4. Bg2 Bb4+ 5. Bd2 Be7 6. Nc3 O-O 7. a3 a5 8. e4 d6 9. Nge2 Ne8 10. O-O f5 11. f4 fxe4 12. dxe4 exf4 13. Bxf4 Nf6 14. Qc2 Be6 15. Nd5 Qc8 16. b4 axb4 17. Nxe7+ Nxe7 18. axb4 Rxa1 19. Rxa1 Bh3 20. Qd3 Bxg2 21. Kxg2 Ng6 22. Rf1 Qe6 23. Nc3 Re8 24. Re1 Nh5 25. Bd2 Ne5 26. Qe2 Nf6 27. Nd5 Qf7 28. Rf1 c6 29. Nxf6+ gxf6 30. c5 d5 31. exd5 Qxd5+ 32. Kg1 Qd4+ 33. Qf2 Qxf2+ 34. Rxf2 Kf7 35. Bc3 Ke6 36. Bxe5 fxe5 37. Rd2 Re7 38. Kf2 Kf5 39. Kf3 h5 40. Rd6 e4+ 41. Ke3 Rh7 42. Rd8 Re7 43. Rd4 Kg4 44. Rxe4+ Rxe4+ 45. Kxe4 Kh3 46. Kf3 Kxh2 47. g4 hxg4+ 48. Kxg4 Kg2 49. Kf4 Kf2 50. Ke5 Ke3 51. Kd6 1-0

[Event "V Copa Marcel Duchamp 2022"]
[Site "Montevideo"]
[Date "2022.02.16"]
[Round "6.25"]
[White "Siddeley, Hugh"]
[Black "Torales, Agustin"]
[Result "0-1"]
[ECO "A48"]
[WhiteElo "2000"]
[BlackElo "1682"]
[Annotator "ChessBase"]
[PlyCount "80"]
[EventDate "2022.02.12"]
[EventCountry "URU"]
[SourceTitle "playchess.com"]
[Source "ChessBase"]
[SourceQuality "1"]
[TimeControl "5400+30"]

1. d4 Nf6 2. Nf3 g6 3. Bf4 Bg7 4. e3 O-O 5. Be2 d6 6. O-O Nbd7 7. c3 Qe8 8. h3 e5 9. Bh2 Qe7 10. a4 a5 11. Na3 Ne4 12. Nc4 exd4 13. cxd4 Re8 14. Qc2 Nb8 15. Rac1 Nc6 16. Ncd2 Nxd2 17. Qxd2 Nb4 18. Ne1 Bf5 19. g4 Be4 20. f3 Bc6 21. e4 Bxa4 22. Ng2 c5 23. d5 Bd4+ 24. Kh1 Nxd5 25. b3 Bd7 26. exd5 Qxe2 27. Qxe2 Rxe2 28. Bxd6 b6 29. Bc7 b5 30. Nf4 Rb2 31. Rb1 Rxb1 32. Rxb1 a4 33. Ne2 Bf6 34. Nc1 a3 35. Na2 Re8 36. Bd6 Bd4 37. Rc1 Re2 38. Nc3 Bxc3 39. Rxc3 a2 40. Rc1 Rb2 0-1

[Event "V Copa Marcel Duchamp 2022"]
[Site "Montevideo"]
[Date "2022.02.16"]
[Round "6.26"]
[White "Escofet, Jaime"]
[Black "Lavandeira, Juan Bautista"]
[Result "0-1"]
[ECO "B03"]
[WhiteElo "1981"]
[BlackElo "1516"]
[Annotator "ChessBase"]
[PlyCount "66"]
[EventDate "2022.02.12"]
[EventCountry "URU"]
[SourceTitle "playchess.com"]
[Source "ChessBase"]
[SourceQuality "1"]
[TimeControl "5400+30"]

1. e4 Nf6 2. e5 Nd5 3. d4 d6 4. c4 Nb6 5. exd6 exd6 6. Nc3 Be7 7. Qf3 O-O 8. Be3 Nc6 9. O-O-O Bf6 10. Bd3 Nb4 11. Be2 g6 12. a3 Nc6 13. Nh3 Be6 14. b3 d5 15. c5 Nc8 16. Nf4 N8e7 17. h4 b6 18. h5 g5 19. Nxe6 fxe6 20. Qg4 Nf5 21. Na4 h6 22. Rhe1 Qd7 23. Kb1 Na5 24. Ka2 Rab8 25. Rb1 Nxb3 26. Rxb3 Qxa4 27. Bb5 Qa5 28. Bd7 Qxe1 29. Bxe6+ Kh8 30. Qxf5 Qe2+ 31. Ka1 Qd1+ 32. Ka2 Bxd4 33. Bxd4+ Qxd4 0-1

[Event "V Copa Marcel Duchamp 2022"]
[Site "Montevideo"]
[Date "2022.02.16"]
[Round "6.30"]
[White "Amaral, Francisco"]
[Black "Nejanky, Maisa"]
[Result "0-1"]
[ECO "A28"]
[WhiteElo "1672"]
[BlackElo "1948"]
[Annotator "ChessBase"]
[PlyCount "72"]
[EventDate "2022.02.12"]
[EventCountry "URU"]
[SourceTitle "playchess.com"]
[Source "ChessBase"]
[SourceQuality "1"]
[TimeControl "5400+30"]

1. c4 e5 2. Nc3 Nf6 3. Nf3 Nc6 4. e3 d5 5. cxd5 Nxd5 6. a3 Be6 7. Bb5 Nxc3 8. bxc3 Bd6 9. Qc2 O-O 10. d3 Na5 11. c4 c6 12. Ba4 b5 13. Bb3 e4 14. dxe4 bxc4 15. Ba2 Nb3 16. Bxb3 cxb3 17. Qb2 Qa5+ 18. Bd2 Qa6 19. Bc3 f6 20. h4 Rf7 21. h5 h6 22. Nd4 Bc4 23. Nf5 Bf8 24. Rh3 Rd8 25. Rg3 Kh7 26. Bb4 c5 27. Bc3 Qe6 28. f3 Bd3 29. Rd1 c4 30. Nd4 Qd6 31. Kf2 Qxa3 32. Ra1 Qxb2+ 33. Bxb2 Bd6 34. Rg6 Be5 35. Ra5 Rc8 36. Bc3 Rb7 0-1

[Event "V Copa Marcel Duchamp 2022"]
[Site "Montevideo"]
[Date "2022.02.16"]
[Round "6.31"]
[White "Migens Romero, Juan"]
[Black "Salguero, Rafael"]
[Result "1-0"]
[ECO "B12"]
[WhiteElo "2097"]
[BlackElo "1948"]
[Annotator "ChessBase"]
[PlyCount "65"]
[EventDate "2022.02.12"]
[EventCountry "URU"]
[SourceTitle "playchess.com"]
[Source "ChessBase"]
[SourceQuality "1"]
[TimeControl "5400+30"]

1. e4 c6 2. d4 d5 3. e5 Bf5 4. Nf3 e6 5. Be2 c5 6. c3 Nc6 7. O-O Nge7 8. Nh4 h6 9. Nxf5 Nxf5 10. g4 Nh4 11. Be3 Qb6 12. b3 cxd4 13. cxd4 Rc8 14. f4 g5 15. fxg5 hxg5 16. Nc3 a6 17. Na4 Qa7 18. Rc1 b5 19. Nc5 Ng6 20. a3 Nf4 21. b4 Bxc5 22. Rxc5 Qe7 23. a4 Na7 24. Rxc8+ Nxc8 25. axb5 axb5 26. Bxf4 gxf4 27. Qc2 Nb6 28. Qc6+ Nd7 29. Bxb5 Qxb4 30. Qxd7+ Kf8 31. Qd6+ Qxd6 32. exd6 Rh3 33. Rc1 1-0

[Event "V Copa Marcel Duchamp 2022"]
[Site "Montevideo"]
[Date "2022.02.16"]
[Round "6.32"]
[White "Balseca Moreno, Diego"]
[Black "Durante, Aurelio"]
[Result "0-1"]
[ECO "B32"]
[WhiteElo "2269"]
[BlackElo "1944"]
[Annotator "ChessBase"]
[PlyCount "32"]
[EventDate "2022.02.12"]
[EventCountry "URU"]
[SourceTitle "playchess.com"]
[Source "ChessBase"]
[SourceQuality "1"]
[TimeControl "5400+30"]

1. e4 c5 2. Nf3 Nc6 3. d4 cxd4 4. Nxd4 e5 5. Nb5 a6 6. Nd6+ Bxd6 7. Qxd6 Qf6 8. Qa3 Nge7 9. Nc3 O-O 10. Be3 Rb8 11. O-O-O b5 12. Qd6 Qxd6 13. Rxd6 f5 14. f3 Rf6 15. Bc5 Kf7 16. Nd5 Re6 0-1

[Event "V Copa Marcel Duchamp 2022"]
[Site "Montevideo"]
[Date "2022.02.16"]
[Round "6.33"]
[White "Dabraccio, Guillermo"]
[Black "Palacio, Enzo"]
[Result "0-1"]
[ECO "D01"]
[WhiteElo "1591"]
[BlackElo "1896"]
[Annotator "NA RC"]
[PlyCount "106"]
[EventDate "2022.02.12"]
[EventCountry "URU"]
[SourceTitle "playchess.com"]
[Source "ChessBase"]
[SourceQuality "1"]
[TimeControl "5400+30"]

1. d4 Nf6 2. Nc3 d5 3. Bg5 Nbd7 4. Qd3 h6 5. Bh4 e6 6. e4 dxe4 7. Nxe4 Be7 8. Nxf6+ Nxf6 9. Be2 Qd6 10. c3 a6 11. Nf3 O-O 12. Ne5 c5 $1 13. Nc4 (13. Bg3 $5 ) 13... Qc7 $1 14. Bg3 Qd8 15. Rd1 ({Better is} 15. Bf3 $1 $14) 15... b5 16. Qf3 Nd5 17. Ne5 Bb7 18. dxc5 Qc8 19. c6 Bxc6 20. Nxc6 Qxc6 21. O-O Rac8 22. Rfe1 Bf6 23. Bf1 Qb6 24. Qe4 g6 25. h4 h5 26. Bd3 Rfd8 27. Be5 Qc5 28. Qf3 Bxh4 29. g3 Bg5 30. Kg2 ({Better is} 30. a4 $15) 30... Ra8 31. Rh1 $2 {[%emt 0:01:55] [#]} (31. Be4 $11 {and White is okay.}) 31... Ne3+ $1 32. fxe3 Qxe5 33. Rhf1 Rf8 34. Be4 Rab8 35. Rfe1 Rbd8 36. Rd4 Rxd4 37. cxd4 Qc7 38. Re2 Rc8 39. Bd3 Qd6 40. Qf2 Qd5+ 41. Qf3 Qxa2 42. Rf2 Qd5 43. Be4 Qd7 44. Bb7 Rb8 45. Bc6 Qe7 46. d5 exd5 47. Bxd5 Rf8 48. b4 Kg7 49. Bb7 (49. Qe4 {keeps fighting.}) 49... Qxb4 ({Worse is} 49... Bxe3 50. Re2 $17) 50. Bxa6 Qc5 51. e4 $2 (51. Qe4) 51... Qc6 $19 52. Ra2 Ra8 53. e5 Rxa6 0-1

[Event "V Copa Marcel Duchamp 2022"]
[Site "Montevideo"]
[Date "2022.02.16"]
[Round "6.34"]
[White "Avedisian, Alexander"]
[Black "Shih Ferreira, Yin Chieh"]
[Result "1-0"]
[ECO "A05"]
[WhiteElo "1875"]
[BlackElo "1463"]
[Annotator "NA"]
[PlyCount "81"]
[EventDate "2022.02.12"]
[EventCountry "URU"]
[SourceTitle "playchess.com"]
[Source "ChessBase"]
[SourceQuality "1"]
[TimeControl "5400+30"]

1. Nf3 Nf6 2. g3 d5 3. Bg2 e6 4. O-O Be7 5. d3 O-O 6. Nbd2 Nbd7 7. e4 c6 8. Re1 h6 9. e5 Nh7 10. Nf1 Re8 11. h4 f6 (11... b5 $14 {is superior.}) 12. exf6 (12. Ne3 $16) 12... Ndxf6 13. N1h2 Bd6 {[%emt 0:01:07] [#]} 14. Ne5 ({White should play} 14. d4 $1 $16) 14... Bxe5 15. Rxe5 Nd7 (15... Nf8 $1 $11) 16. Re1 Nhf6 17. Ng4 Kh7 ({Better is} 17... e5 $14) 18. Ne5 Nxe5 19. Rxe5 $11 Nd7 20. Rh5 (20. Re3 $16) 20... Nf6 ({Black should play} 20... e5 $1 $15 21. Qe2 Qe7) 21. Bg5 Kg8 (21... e5 $15 22. Qf3 Rf8) 22. Bxf6 Qxf6 23. d4 $1 e5 $11 24. dxe5 Rxe5 25. Rxe5 Qxe5 26. Qe1 Qxb2 27. Qe8+ Kh7 28. Re1 Qxa2 29. c3 Qa3 30. h5 Bd7 31. Qxa8 Qxc3 32. Re7 Qc1+ 33. Kh2 Qg5 34. Rxd7 Qxh5+ 35. Bh3 Qf3 36. Qxb7 Qxf2+ 37. Bg2 Qf6 38. Qxa7 h5 39. Rf7 Qg6 40. Bh3 Qc2+ 41. Rf2 1-0

[Event "V Copa Marcel Duchamp 2022"]
[Site "Montevideo"]
[Date "2022.02.16"]
[Round "6.35"]
[White "Cardozo, Camila"]
[Black "Quevedo, Andreina"]
[Result "0-1"]
[ECO "A80"]
[WhiteElo "1589"]
[BlackElo "1867"]
[Annotator "NA RC"]
[PlyCount "92"]
[EventDate "2022.02.12"]
[EventCountry "URU"]
[SourceTitle "playchess.com"]
[Source "ChessBase"]
[SourceQuality "1"]
[TimeControl "5400+30"]

1. d4 f5 2. Nf3 Nf6 3. Bf4 g6 4. e3 Bg7 5. Bc4 e6 6. a3 O-O 7. Ba2 Kh8 (7... d6 $11 {is more appropriate.}) 8. c4 d6 9. h3 (9. Nc3 $14) 9... Qe7 10. Nc3 b6 11. O-O Bb7 12. Rc1 a6 (12... Nbd7 $11) 13. b4 Nbd7 14. d5 e5 15. Bh2 h6 16. Na4 (16. Qe2 $142) 16... c5 17. dxc6 Bxc6 18. Nc3 g5 ({Black should play} 18... Rfc8 $11) 19. Nd5 (19. Bb1 $5 ) 19... Nxd5 20. cxd5 Bb5 21. Re1 g4 (21... Nf6 $11) 22. hxg4 fxg4 23. Nd2 $1 Nf6 24. e4 Qf7 25. Nc4 {[%emt 0:07:43] [#]} (25. Bg3 $1 $14) 25... Bxc4 (25... Nxe4 $1 $15 26. Qc2 (26. Rxe4 Qxf2+) 26... Bxc4 27. Bxc4 {[#]} g3 $1 28. Bxg3 Nxg3 29. fxg3 b5) 26. Bxc4 b5 27. Bd3 Rac8 28. Qd2 Qd7 29. a4 (29. Qe3 $14) 29... Kh7 (29... bxa4 $11 30. Rxc8 Rxc8) 30. Qe3 Qb7 31. a5 Kg6 ({Black should try} 31... Rxc1 $14 32. Rxc1 Rc8) 32. Qb6 Qxb6 33. axb6 Rxc1 34. Rxc1 Rb8 35. Rc6 Bf8 36. b7 Rxb7 37. Rxa6 Kf7 38. Ra5 Ke7 39. f3 h5 40. Bxb5 Bh6 41. Bc6 (41. Kf1 $11 {remains equal.}) 41... Be3+ 42. Kf1 Rxb4 43. Ke2 Bc5 44. Ra2 $19 (44. Bxe5 $1 $11 Nxe4 45. Bxd6+ Kxd6 46. fxe4 Rxe4+ 47. Kd3 Rd4+ 48. Kc3) 44... Rb3 (44... h4 $142 45. fxg4 Nxg4 46. Bxe5 Nxe5) 45. fxg4 hxg4 46. Ra8 g3 0-1

[Event "V Copa Marcel Duchamp 2022"]
[Site "Montevideo"]
[Date "2022.02.16"]
[Round "6.36"]
[White "Kulik, Nicolas"]
[Black "Martinez Alvarez, Mateo"]
[Result "0-1"]
[ECO "B96"]
[WhiteElo "1775"]
[BlackElo "1093"]
[Annotator "NA RC"]
[PlyCount "57"]
[EventDate "2022.02.12"]
[EventCountry "URU"]
[SourceTitle "playchess.com"]
[Source "ChessBase"]
[SourceQuality "1"]
[TimeControl "5400+30"]

1. e4 c5 2. Nf3 d6 3. d4 cxd4 4. Nxd4 Nf6 5. Nc3 a6 6. Bg5 e6 7. f4 h6 8. Bh4 Nbd7 9. Qf3 e5 10. Bxf6 Nxf6 11. Nde2 Be7 12. f5 Qa5 13. O-O-O b5 14. Kb1 Bb7 15. a3 Rc8 16. Ng3 O-O 17. Nh5 Nxh5 18. Qxh5 Rxc3 19. bxc3 Bxe4 20. Qg4 d5 21. f6 Bxf6 22. Bd3 Bxd3 23. cxd3 Qxc3 24. Qb4 Rc8 25. Qxc3 Rxc3 26. Kb2 e4 27. dxe4 dxe4 28. Rd2 Rd3+ 29. Kc2 0-1

[Event "V Copa Marcel Duchamp 2022"]
[Site "Montevideo"]
[Date "2022.02.17"]
[Round "7.35"]
[White "Pinero, Ismael"]
[Black "Elena, Eduardo"]
[Result "0-1"]
[ECO "B56"]
[WhiteElo "1906"]
[BlackElo "1712"]
[Annotator "ChessBase"]
[PlyCount "38"]
[EventDate "2022.02.12"]
[EventCountry "URU"]
[SourceTitle "playchess.com"]
[Source "ChessBase"]
[SourceQuality "1"]
[TimeControl "5400+30"]

1. e4 c5 2. Nf3 Nc6 3. d4 cxd4 4. Nxd4 Nf6 5. Nc3 d6 6. f3 e5 7. Nb3 Be6 8. Be3 Be7 9. Qd2 O-O 10. O-O-O a5 11. Bb5 Nb4 12. Kb1 d5 13. exd5 Nbxd5 14. Nxd5 Nxd5 15. Qe2 Qc7 16. Bd2 Rfc8 17. Bd3 a4 18. Na1 a3 19. b3 Nc3+ 0-1

[Event "V Copa Marcel Duchamp 2022"]
[Site "Montevideo"]
[Date "2022.02.17"]
[Round "7.36"]
[White "Perez Selios, Luis"]
[Black "Pena Canapa, Alfredo"]
[Result "1-0"]
[ECO "A45"]
[WhiteElo "1429"]
[BlackElo "1841"]
[Annotator "NA RC"]
[PlyCount "143"]
[EventDate "2022.02.12"]
[EventCountry "URU"]
[SourceTitle "playchess.com"]
[Source "ChessBase"]
[SourceQuality "1"]
[TimeControl "5400+30"]

1. d4 Nf6 2. Bf4 d5 3. e3 c5 4. c3 Nc6 5. Nd2 Qb6 6. Qc2 g6 7. Ngf3 Bf5 8. dxc5 Qxc5 9. Bd3 Bxd3 10. Qxd3 Bg7 11. O-O O-O 12. Rad1 Rfd8 13. Bc7 Rd7 14. Nb3 Qc4 15. Qxc4 dxc4 16. Rxd7 Nxd7 17. Na5 Nxa5 18. Bxa5 b6 19. Bb4 Bf6 (19... Kf8 $11) 20. a4 Rc8 21. Rd1 Nc5 22. Bxc5 Rxc5 23. Nd2 a6 (23... Ra5 $142) 24. Kf1 Be5 25. Ke2 f5 26. g3 Bd6 27. e4 Kf7 28. f4 Bc7 29. Nf3 Ke8 30. Ng5 fxe4 31. Nxe4 ({White should play} 31. Ne6 $14 Rc6 32. Nxc7+ Rxc7 33. Ke3) 31... Ra5 32. Ra1 b5 33. Nd2 Bb6 34. Kf3 Kf7 35. Ke4 Ke6 36. g4 Kd6 37. h4 Bf2 38. h5 gxh5 39. gxh5 Ke6 {[%emt 0:00:06] [#]} 40. Nf3 $1 Kf6 41. Ne5 Bh4 42. Nc6 Rxa4 43. Rxa4 bxa4 44. Ne5 Kg7 45. Kf5 Bf6 $2 (45... Kh6 $11 {and Black has nothing to worry.}) 46. Nxc4 Kh6 $2 {[%emt 0:00:52] [#]} (46... Kf7 47. Ne5+ Ke8) 47. Kg4 $2 (47. Ne5 $1 $18 {[%cal Re5g4] is the precise move to win.} Kg7 48. c4) 47... e6 48. Ne5 Be7 49. Nf7+ $1 Kg7 50. Ng5 a3 51. bxa3 ({Wrong is} 51. Nxe6+ $2 Kf6 52. bxa3 Kxe6 $19) 51... Bxa3 52. Nxe6+ Kf7 53. f5 Bb2 $2 (53... a5 $11 {and Black is okay.}) 54. Nc7 $2 ({White has to play} 54. Ng5+ $16 Kg8 55. Ne4) 54... a5 55. Nb5 a4 56. c4 Bf6 $2 (56... a3 $19 57. Nxa3 Bxa3) 57. c5 Be5 58. Kg5 $11 Kg7 (58... h6+ $11 59. Kxh6 Kf6) 59. c6 h6+ 60. Kg4 Kf7 $16 61. Kf3 Ke7 62. Ke4 Bb8 63. c7 Bxc7 64. Nxc7 Kf7 65. Nd5 a3 66. Nb4 Kf6 67. Kf4 Kf7 68. Ke5 Ke7 69. f6+ Kf7 70. Kf5 Kf8 71. Kg6 Kg8 72. f7+ 1-0

[Event "V Copa Marcel Duchamp 2022"]
[Site "Montevideo"]
[Date "2022.02.18"]
[Round "8.13"]
[White "Castro, Cesar"]
[Black "Menna Barreto, Felipe Kubiaki"]
[Result "*"]
[ECO "B30"]
[WhiteElo "2097"]
[BlackElo "2351"]
[Annotator "RC"]
[PlyCount "125"]
[EventDate "2022.02.12"]
[EventCountry "URU"]
[SourceTitle "playchess.com"]
[Source "ChessBase"]
[SourceQuality "1"]
[TimeControl "5400+30"]

1. e4 c5 2. Nf3 Nc6 3. Nc3 e5 4. Bc4 g6 5. d3 h6 6. Be3 d6 7. h3 Bg7 8. Nd5 Nge7 9. Qd2 f5 10. Qe2 Nxd5 11. Bxd5 Qf6 12. c3 Ne7 13. Bb3 f4 14. Bd2 Be6 15. d4 O-O 16. dxe5 dxe5 17. Qb5 b6 18. O-O-O Rfd8 19. Kb1 Bxb3 20. Qxb3+ Qf7 21. Qxf7+ Kxf7 22. Bc1 Ke6 23. Kc2 c4 24. Rd2 Rxd2+ 25. Nxd2 b5 26. a4 a6 27. axb5 axb5 28. Nb1 Bf8 29. Rd1 Nc6 30. Rd5 Rb8 31. g3 Bd6 32. Na3 Bxa3 33. bxa3 g5 34. Rc5 Kd6 35. Rd5+ Kc7 36. Rd1 fxg3 37. fxg3 Rf8 38. Re1 Rf2+ 39. Kd1 Rh2 40. Be3 Rxh3 41. Bf2 h5 42. Ke2 h4 43. Kf3 hxg3 44. Bxg3 Rh8 45. Kg4 Rd8 46. Rb1 Kb6 47. a4 b4 48. cxb4 c3 49. Rc1 Rd3 50. b5 Nb4 51. Bxe5 c2 52. Kxg5 Ka5 53. Ra1 Na2 54. Bf4 Nc3 55. e5 Ne2 56. Rc1 Nxc1 57. Bxc1 Rd1 58. Be3 Re1 59. Bd2+ Kxa4 60. Kf6 Kxb5 61. e6 Kc6 62. Bf4 Rf1 63. e7 *

[Event "V Copa Marcel Duchamp 2022"]
[Site "Montevideo"]
[Date "2022.02.18"]
[Round "8.16"]
[White "Curi, Gabriel"]
[Black "Meza, Anahi"]
[Result "1/2-1/2"]
[ECO "E81"]
[WhiteElo "2205"]
[BlackElo "1996"]
[Annotator "RC"]
[PlyCount "68"]
[EventDate "2022.02.12"]
[EventCountry "URU"]
[SourceTitle "playchess.com"]
[Source "ChessBase"]
[SourceQuality "1"]
[TimeControl "5400+30"]

1. d4 Nf6 2. c4 g6 3. f3 Bg7 4. e4 d6 5. Nc3 O-O 6. Be3 c5 7. Nge2 Nc6 8. Qd2 cxd4 9. Nxd4 Nxd4 10. Bxd4 Bd7 11. Be2 Bc6 12. O-O Nd7 13. Bf2 a5 14. b3 Nc5 15. Rab1 Be5 16. Rfc1 e6 17. Bd1 g5 18. Be3 g4 19. Bg5 f6 20. Bh6 Rf7 21. a3 gxf3 22. gxf3 f5 23. b4 axb4 24. axb4 Na4 25. Nxa4 Bxa4 26. Bxa4 Rxa4 27. Kh1 fxe4 28. Rg1+ Kh8 29. fxe4 Qh4 30. Qg2 Ra8 31. Rbf1 Qe7 32. Bg5 Qc7 33. Rxf7 Qxf7 34. Bh6 Bd4 1/2-1/2

[Event "V Copa Marcel Duchamp 2022"]
[Site "Montevideo"]
[Date "2022.02.18"]
[Round "8.23"]
[White "Mateus, Martha"]
[Black "Rodriguez Farias, Eduardo"]
[Result "1-0"]
[ECO "B22"]
[WhiteElo "2019"]
[BlackElo "1931"]
[Annotator "NA"]
[PlyCount "47"]
[EventDate "2022.02.12"]
[EventCountry "URU"]
[SourceTitle "playchess.com"]
[Source "ChessBase"]
[SourceQuality "1"]
[TimeControl "5400+30"]

1. e4 c5 2. c3 g6 3. d4 cxd4 4. cxd4 d5 5. exd5 a6 6. Nc3 Bg7 7. Bc4 Nf6 8. a4 b6 (8... Nbd7 $14) 9. Nge2 $14 ({White should play} 9. Nf3 $16) 9... O-O 10. O-O Bb7 11. Nf4 Qd6 12. Re1 Nbd7 13. b3 g5 14. Nh3 Nxd5 15. Ne4 Qc6 16. Nhxg5 h6 17. Nf3 Rad8 18. Ng3 e5 19. Nf5 e4 20. Bxd5 Qf6 21. Bxb7 Nc5 22. Nxg7 Nxb7 23. Nh5 Qh8 24. Rxe4 1-0

[Event "V Copa Marcel Duchamp 2022"]
[Site "Montevideo"]
[Date "2022.02.18"]
[Round "8.24"]
[White "Siddeley, Hugh"]
[Black "Montiel Caceres, Helen"]
[Result "1-0"]
[ECO "E92"]
[WhiteElo "2000"]
[BlackElo "1625"]
[Annotator "ChessBase"]
[PlyCount "51"]
[EventDate "2022.02.12"]
[EventCountry "URU"]
[SourceTitle "playchess.com"]
[Source "ChessBase"]
[SourceQuality "1"]
[TimeControl "5400+30"]

1. d4 Nf6 2. c4 g6 3. Nc3 Bg7 4. e4 d6 5. Nf3 O-O 6. Be2 e5 7. Be3 Nc6 8. d5 Ne7 9. Nd2 Ne8 10. b4 f5 11. f3 f4 12. Bf2 g5 13. c5 Rf7 14. Nc4 Bd7 15. a4 b6 16. c6 Bc8 17. a5 g4 18. axb6 gxf3 19. gxf3 cxb6 20. Nxb6 Rb8 21. Rxa7 Rxb6 22. c7 Qd7 23. Bxb6 Qh3 24. Bf1 Qh4+ 25. Bf2 Qh5 26. b5 1-0